 Dungeon Crawl Stone Soup version 0.30.0-5-g1a98f26d00 (webtiles) character file.

Game seed: 11399889448006483386

15061 monsoonserge the Protected (level 11, 0/148 HPs)
             Began as a Minotaur Fighter on May 9, 2023.
             Was an Elder of Trog.
             Slain by a skyshark (1 damage)
             ... on level 2 of the Lair of Beasts.
             The game lasted 00:38:54 (12260 turns).

monsoonserge the Protected (Minotaur Fighter)      Turns: 12260, Time: 00:38:55

Health: 0/148      AC: 18    Str: 25    XL:     11   Next: 96%
Magic:  10/10      EV:  8    Int:  5    God:    Trog [****..]
Gold:   838        SH:  4    Dex: 10    Spells: 10/10 levels left

rFire   + . .        O - +0 trident (vamp)
rCold   . . .        c - +0 buckler
rNeg    . . .        D - +0 plate armour
rPois   .            (helmet restricted)
rElec   .            (no cloak)
rCorr   +            w - +0 pair of gloves
SInv    .            (no boots)
Will    .....        H - amulet of the acrobat Stlth
                     k - ring of protection from fire
HPRegen 0.44/turn    q - ring of resist corrosion
MPRegen 0.12/turn

%: acrobat
@: berserking, very quick
A: horns 2, retaliatory headbutt
a: Renounce Religion, Berserk, Trog's Hand, Brothers in Arms


You were on level 2 of the Lair of Beasts.
You worshipped Trog.
Trog was greatly pleased with you.
You visited 3 branches of the dungeon, and saw 13 of its levels.

You collected 838 gold pieces.

Inventory:

Hand Weapons
 a - a +0 war axe
 s - a +1 whip of freezing
 B - a +1 whip of electrocution
 G - a +0 arbalest
 M - a +0 longbow
 O - a +0 vampiric trident (weapon)
 S - a +0 battleaxe
Missiles
 g - 108 stones
 p - 24 poisoned darts
 r - 4 throwing nets
 I - 9 boomerangs (quivered)
Armour
 c - a +0 buckler (worn)
 w - a +0 pair of gloves (worn)
 D - a +0 plate armour (worn)
 Q - an orb of mayhem
Jewellery
 k - a ring of protection from fire (left hand)
 m - a ring of protection from fire
 q - a ring of resist corrosion (right hand)
 H - an amulet of the acrobat (around neck)
Wands
 o - a wand of digging (6)
Scrolls
 e - 3 scrolls of acquirement {unknown}
 f - 4 scrolls of amnesia {unknown}
 h - 4 scrolls of teleportation {unknown}
 j - 2 scrolls of fear {unknown}
 n - a scroll of vulnerability {unknown}
 v - a scroll of enchant armour {unknown}
 y - 3 scrolls of immolation {unknown}
 z - 3 scrolls of fog {unknown}
 A - a scroll of blinking {unknown}
 C - 3 scrolls of identify {unknown}
 L - 4 scrolls of enchant weapon {unknown}
 P - a scroll of magic mapping {unknown}
 T - a scroll of silence {unknown}
 U - a scroll of noise {unknown}
Potions
 b - 2 potions of berserk rage {unknown}
 d - a potion of might
 i - 3 potions of attraction
 l - 2 potions of magic {unknown}
 t - a potion of degeneration {unknown}
 u - 2 potions of brilliance {unknown}
 x - 4 potions of curing
 E - 2 potions of heal wounds {unknown}
 F - 2 potions of mutation {unknown}
 N - a potion of lignification {unknown}
 R - a potion of haste
Miscellaneous
 J - a piece from Xom's chessboard (15/15)
 K - a condenser vane


   Skills:
 + Level 10.1 Fighting
 + Level 8.8(11.5) Axes
 - Level 9.6(11.1) Maces & Flails
 + Level 6.6(8.7) Polearms
 + Level 1.6 Throwing
 + Level 14.0 Armour
 + Level 3.6 Dodging
 - Level 1.0 Stealth
 + Level 4.5 Shields
 + Level 4.0 Evocations


You had 10 spell levels left.
You didn't know any spells.
Your spell library was empty.

Dungeon Overview and Level Annotations

Branches:
Dungeon (9/15)             Temple (1/1) D:6            Lair (3/5) D:8
 Shoals (0/4) Lair:2        Snake (0/4) Lair:3
    Orc: D:9-12

Altars:
Makhleb
Qazlal
Ru
Trog
Zin

Shops:
D:1 :   D:4 :

Annotations:
D:8 3 runed translucent doors, scisormetimb3rs's ghost, novice AtFi


Innate Abilities, Weirdness & Mutations

You have a pair of horns on your head.
You reflexively headbutt those who attack you in melee.


Message History

You puncture the skyshark!
You feel better.
You headbutt the skyshark.
The skyshark is moderately wounded.
The skyshark bites you but does no damage.
The skyshark tail-slaps you but does no damage.
You block the skyshark's attack.
Reach: O) +0 trident (vamp)
Press: ? - help, Dir - move target, f/p - skyshark
Aim: a skyshark (moderately wounded, about 28% to evade your +0 vampiric trident)
You hit the skyshark. Your headbutt misses the skyshark.
The skyshark is moderately wounded.
The skyshark bites you.
The skyshark tastes blood and grows stronger!
The skyshark tail-slaps you. You block the skyshark's attack.
Reach: O) +0 trident (vamp)
Press: ? - help, Dir - move target, f/p - skyshark
Aim: a skyshark (moderately wounded, strong, about 28% to evade your +0 vampiric trident)
You impale the skyshark!! Your headbutt misses the skyshark.
The skyshark is heavily wounded.
The skyshark bites you!!
The skyshark enters a blood-rage!
The skyshark tail-slaps you.
* * * LOW HITPOINT WARNING * * *
The skyshark tail-slaps you.
* * * LOW HITPOINT WARNING * * *
Unknown command.
Reach: O) +0 trident (vamp)
Press: ? - help, Dir - move target, f/p - skyshark
Aim: a skyshark (heavily wounded, berserk, about 28% to evade your +0 vampiric trident)
You hit the skyshark. Your headbutt misses the skyshark.
The skyshark is heavily wounded.
You block the skyshark's attack. The skyshark tail-slaps you!
* * * LOW HITPOINT WARNING * * *
The skyshark tail-slaps you!
* * * LOW HITPOINT WARNING * * *
A red film seems to cover your vision as you go berserk!
You feel yourself moving faster!
You feel mighty!
You feel a little less mighty now. The skyshark bites you!!
* * * LOW HITPOINT WARNING * * *
The skyshark tail-slaps you.
You die...

.#.#.....##.......#....# #....
.##........##..........# ##.##
.#..#..##..##.....#....## ##..#
.#.#.....#.##.....+P..P.# #P..#
#...........#.....P.....######.#
#........#...#...##...P##.###..#
..#..⌠.⌠.##...#.⌠..#...........#
.............#.....###..###.#..#
......<......+.l@.⌠# #.## ##...#
..........#..#.....# ### ##..#
..##.⌠.⌠.##.)##.⌠..## ###..##
#........#...##.#...#######.#...#
................................#
....#...##...........###.#..#..##
##..####...#..#.#....#......PP.#
#...........###...........P...#
###.....##.#####...........+..##


You could see a skyshark (berserk).

Vanquished Creatures
  Harold (Lair:1)
  A hydra (Lair:1)
  A boulder beetle (D:8)
  A slime creature (D:6)
  Pikel (D:7)
  A manticore (Lair:2)
  2 black mambas
  2 cyclopes
  6 elephants (Lair:3)
  A torpor snail (Lair:1)
  2 cane toads (Lair:2)
  5 komodo dragons
  A wind drake (Lair:2)
  A wraith (D:8)
  2 wyverns
  10 yaks
  4 basilisks
  6 water moccasins
  4 orc warriors
  3 sky beasts
  3 black bears
  The ghost of ionbeam3 the Trooper, an amateur MfGl (D:3)
  5 ice beasts
  A phantom (D:4)
  A kobold brigand (D:8)
  3 bullfrogs
  3 scorpions
  5 electric eels
  3 howler monkeys
  9 jellies
  2 hounds
  An orc priest (D:7)
  3 sleepcaps
  6 orc wizards
  4 iguanas
  Ijyb (D:3)
  4 gnolls (D:2)
  6 adders
  2 shadow imps
  A dart slug (D:5)
  27 orcs
  12 bats
  13 endoplasms
  2 giant cockroaches (D:1)
  5 goblins
  9 hobgoblins
  3 jackals (D:5)
  4 quokkas
  5 ball pythons
  6 frilled lizards
  14 kobolds
  3 rats
222 creatures vanquished.

Notes
Turn   | Place    | Note
-------+----------+-------------------------------------------
     0 | D:1      | monsoonserge the Minotaur Fighter began the quest for the
                  | Orb.
     0 | D:1      | Reached XP level 1. HP: 19/19 MP: 0/0
   114 | D:1      | Reached XP level 2. HP: 27/27 MP: 1/1
   419 | D:1      | Reached skill level 4 in Armour
   475 | D:1      | Found Yloxedgh's Book Shop.
   945 | D:2      | Reached XP level 3. HP: 33/33 MP: 2/2
  1109 | D:2      | Found a faded altar of an unknown god.
  1147 | D:2      | Prayed at the altar of an unknown god.
  1147 | D:2      | Became a worshipper of Trog the Wrathful
  1147 | D:2      | Reached * piety under Trog
  1387 | D:2      | Reached XP level 4. HP: 30/40 MP: 3/3
  2147 | D:3      | Noticed Ijyb
  2154 | D:3      | Killed Ijyb
  2155 | D:3      | Reached skill level 1 in Dodging
  2183 | D:3      | Found a sacrificial altar of Ru.
  2190 | D:3      | Reached ** piety under Trog
  2211 | D:3      | Noticed an angel
  2212 | D:3      | Found a glowing silver altar of Zin.
  2276 | D:3      | Found a runed translucent door.
  2278 | D:3      | Noticed ionbeam3's ghost (amateur MfGl)
  2500 | D:3      | Reached XP level 5. HP: 47/47 MP: 4/4
  2715 | D:3      | Found a burning altar of Makhleb.
  2971 | D:4      | Noticed a phantom
  2977 | D:4      | Killed a phantom
  3054 | D:4      | Reached skill level 5 in Axes
  3186 | D:4      | Reached XP level 6. HP: 47/53 MP: 5/5
  3234 | D:4      | Found Qoijuicelo's Book Shoppe.
  3249 | D:4      | Reached skill level 5 in Armour
  3437 | D:4      | Found a stormy altar of Qazlal.
  3570 | D:5      | Entered Level 5 of the Dungeon
  3803 | D:5      | Noticed an ice beast
  3817 | D:5      | Killed an ice beast
  3864 | D:5      | Reached XP level 7. HP: 57/60 MP: 6/6
  4007 | D:5      | Reached skill level 5 in Fighting
  4604 | D:6      | Reached skill level 6 in Armour
  4737 | D:6      | Reached *** piety under Trog
  4753 | D:6      | Reached XP level 8. HP: 42/69 MP: 7/7
  4911 | D:6      | Found a staircase to the Ecumenical Temple.
  4922 | Temple   | Entered the Ecumenical Temple
  5305 | D:6      | Reached skill level 1 in Stealth
  5468 | D:6      | Noticed a slime creature
  5468 | D:6      | Noticed a slime creature
  5468 | D:6      | Noticed a slime creature
  5484 | D:6      | Killed a very large slime creature
  5485 | D:6      | Reached skill level 1 in Maces & Flails
  5485 | D:6      | Reached skill level 8 in Armour
  5803 | D:3      | Killed ionbeam3's ghost
  5975 | D:7      | Reached XP level 9. HP: 49/78 MP: 8/8
  5999 | D:7      | HP: 3/78 [wyvern (15)]
  6005 | D:7      | Reached skill level 9 in Armour
  6383 | D:7      | Noticed a cyclops
  6393 | D:7      | Killed a cyclops
  6394 | D:7      | Reached skill level 5 in Maces & Flails
  6717 | D:7      | Noticed Pikel
  6735 | D:7      | Killed Pikel
  6736 | D:7      | Reached skill level 10 in Armour
  7001 | D:8      | Reached **** piety under Trog
  7091 | D:8      | Noticed a boulder beetle
  7117 | D:8      | Killed a boulder beetle
  7118 | D:8      | Reached XP level 10. HP: 37/88 MP: 9/9
  7359 | D:8      | Reached skill level 11 in Armour
  7410 | D:8      | Reached skill level 1 in Throwing
  7479 | D:8      | Found a staircase to the Lair.
  7495 | D:8      | You fall into a shaft and drop 1 floor!
  7789 | D:8      | Noticed a cyclops
  7810 | D:8      | Killed a cyclops
  7928 | D:8      | Found the +3 giant club "Skullcrusher" {speed, Str+7}
  8166 | D:8      | Found a runed translucent gate.
  8166 | D:8      | Found a runed translucent gate.
  8167 | D:8      | Noticed scisormetimb3rs's ghost (novice AtFi)
  8168 | D:8      | Found a runed translucent gate.
  8470 | Lair:1   | Entered Level 1 of the Lair of Beasts
  8478 | D:8      | Reached skill level 12 in Armour
  8761 | Lair:1   | Noticed a black mamba
  8762 | Lair:1   | Noticed Harold
  8773 | D:8      | Killed a black mamba
  8774 | D:8      | Reached skill level 1 in Evocations
  8829 | Lair:1   | Killed Harold
  9095 | Lair:1   | Noticed a five-headed hydra
  9109 | Lair:1   | Killed a five-headed hydra
  9110 | Lair:1   | Reached XP level 11. HP: 73/97 MP: 10/10
  9957 | Lair:1   | Reached skill level 1 in Polearms
 10291 | Lair:1   | Reached skill level 13 in Armour
 10676 | Lair:2   | Found a staircase to the Shoals.
 11195 | Lair:2   | Reached ***** piety under Trog
 11858 | Lair:3   | Found a staircase to the Snake Pit.
 11956 | Lair:2   | Reached skill level 5 in Polearms
 11977 | Lair:3   | HP: 1/99 [black mamba (4)]
 12205 | Lair:3   | Reached skill level 10 in Fighting
 12212 | Lair:3   | Reached skill level 14 in Armour
 12242 | Lair:3   | Noticed a skyshark
 12260 | Lair:2   | HP: 1/148 [skyshark (18)]
 12260 | Lair:2   | Slain by a skyshark

Illustrated notes

Levels and vault maps discovered:
D:1:      saegor_arrival_simple_d, layout_basic, serial_shops, shop
D:2:      layout_loops_corners, shapermc_ecumenical_altar_ellora,
          kennysheep_minor_cross
D:3:      layout_basic, mainiacjoe_overflow_tiny_flanked, zin_angel,
          mainiacjoe_overflow_surrounded_room, ebering_ghost_reflecting_pool,
          uniq_ijyb
D:4:      layout_rooms, nicolae_qazlal_general_emergency, serial_shops,
          nicolae_shop_hallway_plus
D:5:      nicolae_BIG_FREAKIN_CUBE, layout_basic
D:6:      cheibrodos_fertilizer, layout_basic, minmay_temple_entry_tees,
          serial_park_tiny_2
D:7:      layout_basic, uniq_pikel
D:8:      layout_basic, grunt_lair_entry_orc_guard_hut,
          gammafunk_ghost_nasty_kobolds, minmay_diamond_spiral
D:9:      layout_stronghold
Temple:   regret_index_temple_sphere_string
Lair:1:   layout_gridlike, serial_bayou_shore_a, uniq_harold
Lair:2:   layout_chaotic_city, minmay_shoals_entry_beasts,
          infiniplex_staircase_pool, grunt_megastairs_2, lemuel_fruit_tree
Lair:3:   layout_big_grid, guppyfry_snake_entry_island, serial_bayou,
          serial_bayou_ford_a, serial_bayou_crossing, serial_bayou_shore_b,
          serial_bayou_pond_b, portal_ice_cave_entry_ice_simulacra

Skill      XL: |  1  2  3  4  5  6  7  8  9 10 11 |
---------------+----------------------------------+-----
Fighting       | 4 5 6 7 9 10 | 10.1
Armour         | 4 5 6 8 10 12 14 | 14.0
Shields        | 4 |  4.5
Axes           | 3 4 5 6 8 |  8.8
Dodging        | 1 2 3 |  3.6
Stealth        | 1 |  1.0
Maces & Flails | 3 7 9 |  9.6
Throwing       | 1 |  1.6
Evocations     | 1 4 |  4.0
Polearms       | 6 |  6.6

Action                     |  1- 3 |  4- 6 |  7- 9 | 10-12 || total
---------------------------+-------+-------+-------+-------++-------
  Melee: War axe           |    74 |   103 |   100 |       ||   277
         Headbutt          |     9 |    14 |    55 |    91 ||   169
         Whip              |       |       |   139 |   165 ||   304
         Trident           |       |       |       |   267 ||   267
  Throw: Stone             |       |     4 |       |       ||     4
         Dart              |       |       |     2 |       ||     2
         Boomerang         |       |       |       |     6 ||     6
 Invoke: Berserk           |     1 |       |     2 |     6 ||     9
         Trog's Hand       |       |       |     1 |     1 ||     2
  Evoke: Piece from Xom's  |       |       |       |     2 ||     2
    Use: Potion            |       |       |     2 |     2 ||     4
 Armour: Scale mail        |    30 |    28 |       |       ||    58
         Chain mail        |       |    26 |    71 |       ||    97
         Plate armour      |       |       |    25 |   232 ||   257
  Dodge: Dodged            |    38 |    29 |    70 |   179 ||   316
  Block: Buckler           |    20 |    12 |    33 |    63 ||   128
